 Dungeon Crawl Stone Soup version 0.28-a0-407-g69098e2f6d (webtiles) character file.

Game seed: 207011594941896091

430 rabbitsville the Slasher (level 6, -2/50 HPs)
             Began as a Demonspawn Chaos Knight on Sept 5, 2021.
             Was a Plaything of Xom.
             Slain by a wyvern zombie (7 damage)
             ... on level 6 of the Dungeon.
             The game lasted 00:12:44 (3535 turns).

rabbitsville the Slasher (Demonspawn Chaos Knight)  Turns: 3535, Time: 00:12:44

Health: -2/50      AC:  8    Str: 14    XL:     6   Next: 66%
Magic:  6/6        EV: 11    Int: 19    God:    Xom [......]
Gold:   228        SH:  0    Dex: 13    Spells: 5/5 levels left

rFire   . . .      SeeInvis .   a - +0 falchion (chaos)
rCold   . . .      Faith    .   (no shield)
rNeg    . . .      Spirit   .   b - +2 leather armour
rPois   .          Reflect  .   (no helmet)
rElec   .          Harm     .   n - +0 cloak
rCorr   .          Rampage  .   (no gloves)
Will    .....                   (no boots)
Stlth   +.........              (no amulet)
HPRegen 0.16/turn               l - +6 ring of intelligence
MPRegen 0.20/turn               (no ring)

@: no status effects
A: hooves 2, yellow scales 1, magic regeneration
a: Renounce Religion


You were on level 6 of the Dungeon.
You worshipped Xom.
You were a very special plaything of Xom.
You visited 1 branch of the dungeon, and saw 5 of its levels.

You collected 228 gold pieces.

Inventory:

Hand Weapons
 a - a +0 falchion of chaos (weapon)
Missiles
 t - 9 poisoned darts (quivered)
Armour
 b - a +2 leather armour (worn)
 n - a +0 cloak (worn)
Jewellery
 l - a +6 ring of intelligence (left hand)
 s - an amulet of the acrobat
Scrolls
 c - a scroll of vulnerability {unknown}
 d - a scroll of summoning {unknown}
 f - a scroll of silence {unknown}
 h - a scroll of enchant armour {unknown}
 m - a scroll of identify {unknown}
 o - a scroll of teleportation {unknown}
 p - a scroll of amnesia {unknown}
 r - a scroll of brand weapon {unknown}
Potions
 e - a potion of flight {unknown}
 g - a potion of brilliance


   Skills:
 + Level 4.9 Fighting
 * Level 5.9 Long Blades
 - Level 1.7 Armour
 - Level 0.8 Dodging


You had 5 spell levels left.
You didn't know any spells.
Your spell library contained the following spells:

 Spells                   Type           Power      Damage    Failure   Level
 Animate Skeleton         Necr           0%         N/A       26%         1
 Apportation              Tloc           0%         N/A       26%         1
 Corona                   Hex            0%         N/A       26%         1
 Sandblast                Erth           0%         2d4       26%         1
 Summon Small Mammal      Summ           0%         N/A       26%         1
 Passwall                 Tmut/Erth      0%         N/A       36%         2
 Stone Arrow              Conj/Erth      0%         3d7       58%         3
 Passage of Golubria      Tloc           N/A        N/A       94%         4
 Silence                  Hex/Air        0%         N/A       100%        5
 Lehudib's Crystal Spear  Conj/Erth      0%         10d2      100%        8


Dungeon Overview and Level Annotations

Branches:
Dungeon (4/15)             Temple (0/1) D:4

Altars:


Innate Abilities, Weirdness & Mutations

You have hoof-like feet.
You are partially covered in yellow scales. (AC +2)
You regenerate magic rapidly.


Message History

You start resting.
Your magical contamination has completely faded away.
You start resting.
A wyvern zombie comes into view.
The wyvern zombie is attracted toward you.
You hit the wyvern zombie.
The wyvern zombie is lightly damaged.
The wyvern zombie bites you!
You hit the wyvern zombie.
The wyvern zombie convulses.
Your kick misses the wyvern zombie.
The wyvern zombie is lightly damaged.
The wyvern zombie bites you but does no damage.
The wyvern zombie bites you!
* * * LOW HITPOINT WARNING * * *
You barely miss the wyvern zombie. Your kick misses the wyvern zombie.
The wyvern zombie is lightly damaged.
The wyvern zombie barely misses you.
You hit the wyvern zombie.
The wyvern zombie is moderately damaged.
The wyvern zombie bites you!
* * * LOW HITPOINT WARNING * * *
You feel less attractive to monsters.
You hit the wyvern zombie.
The wyvern zombie seems to slow down.
You kick the wyvern zombie.
The wyvern zombie is heavily damaged.
The wyvern zombie bites you.
* * * LOW HITPOINT WARNING * * *
You hit the wyvern zombie.
The wyvern zombie flickers and vanishes!
Deactivating autopickup; reactivate with Ctrl-A.
Something bites you but does no damage.
An ice beast comes into view.
You closely miss something. Your kick misses something.
Something bites you but does no damage.
You hit something.
Your kick misses something. "Hum-dee-hum-dee-hum..."
The ice beast evaporates and reforms as a wyvern!
Something bites you!
You die...
Xom laughs nastily!

#.## # ..... #...
.#..... ....:
....#.# ..!.
##.#.#l#### #...
.........
..##..##......
.........##†#####.
...(..(...@†......
....(...###.#.....
......... ... ...
.........# .#... .
$........# ##.....
..$......# ####
..........
...!....##


You could see a wyvern.

Vanquished Creatures
  A black bear (D:4)
  A scorpion (D:6)
  A water moccasin zombie (D:6)
  2 hounds (D:6)
  Natasha (thrice) (D:3)
  2 adders
  An adder skeleton (D:4)
  6 worms (D:2)
  3 dart slugs
  3 orcs
  3 ball pythons
  6 endoplasms
  5 giant cockroaches
  5 goblins
  6 hobgoblins
  4 jackals (D:1)
  2 quokkas
  3 bats
  4 frilled lizards
  3 kobolds
  2 rats
66 creatures vanquished.

Vanquished Creatures (others)
  A plant (D:1)
1 creature vanquished.

Grand Total: 67 creatures vanquished

Notes
Turn   | Place    | Note
-------+----------+-------------------------------------------
     0 | D:1      | rabbitsville the Demonspawn Chaos Knight began the quest
                  | for the Orb.
     0 | D:1      | Reached XP level 1. HP: 18/18 MP: 1/1
    31 | D:1      | XOM: silly message
    92 | D:1      | XOM: divination: detect items
   118 | D:1      | XOM: potion effect (curing)
   120 | D:1      | XOM: potion effect (berserk rage)
   171 | D:1      | Reached skill level 3 in Long Blades
   188 | D:1      | Gained mutation: You have large cloven feet. [demonic
                  | ancestry]
   188 | D:1      | Reached XP level 2. HP: 24/24 MP: 2/2
   711 | D:1      | Reached XP level 3. HP: 26/29 MP: 3/3
   869 | D:1      | XOM is BORED!
  1166 | D:2      | XOM: enchant monster (bad)
  1338 | D:2      | XOM: silly message
  1423 | D:2      | Found a faded altar of an unknown god.
  1479 | D:2      | Reached skill level 4 in Long Blades
  1691 | D:2      | Gained mutation: You are partially covered in yellow
                  | scales. (AC +2) [demonic ancestry]
  1691 | D:2      | Reached XP level 4. HP: 37/37 MP: 4/4
  1912 | D:2      | XOM: silly message
  2108 | D:3      | XOM: 3-stop teleportation journey
  2471 | D:3      | Noticed Natasha
  2483 | D:3      | Killed Natasha
  2704 | D:3      | Noticed Natasha
  2714 | D:3      | Killed Natasha
  2715 | D:3      | Gained mutation: You have hoof-like feet. [demonic
                  | ancestry]
  2715 | D:3      | Reached XP level 5. HP: 38/42 MP: 5/5
  2786 | D:3      | XOM: silly message
  2803 | D:3      | Noticed Natasha
  2812 | D:3      | Killed Natasha
  3034 | D:4      | Found a staircase to the Ecumenical Temple.
  3136 | D:4      | XOM: summons 3 hostile demons
  3142 | D:4      | XOM: smoke on damage
  3386 | D:4      | Noticed a black bear
  3394 | D:4      | Killed a black bear
  3395 | D:4      | Reached skill level 5 in Long Blades
  3464 | D:4      | You fall into a shaft and drop 2 floors!
  3477 | D:6      | Gained mutation: You regenerate magic rapidly. [demonic
                  | ancestry]
  3477 | D:6      | Reached XP level 6. HP: 39/49 MP: 6/6
  3479 | D:6      | XOM: noise
  3500 | D:6      | HP: 2/49 [hound (3)]
  3533 | D:6      | Noticed an ice beast
  3535 | D:6      | Noticed a wyvern
  3535 | D:6      | an ice beast changed into a wyvern
  3535 | D:6      | XOM: polymorph ice beast -> wyvern
  3535 | D:6      | Slain by a wyvern zombie

Illustrated notes

Levels and vault maps discovered:
D:1:      kennysheep_arrival_seaside, layout_loops_ring, minmay_misc_feat_roman
D:2:      kennysheep_six_static_rooms, layout_basic, serial_aquarium,
          aquarium_bridge_square [aquarium_subvault_bridge,
          aquarium_subvault_bridge, aquarium_subvault_window,
          aquarium_subvault_bridge], aquarium_window_fake, aquarium_window_fake,
          aquarium_view_2c, aquarium_view_2e, aquarium_balcony_1a,
          aquarium_pool_corner, chequers_ecumenical_altar_simple_redux,
          amcnicky_mini_corridor_feature, minmay_pentomino_t2
D:3:      layout_loops_ring, grunt_ministairs_12, uniq_natasha
D:4:      layout_loops_ring, minmay_temple_entry_enclosed_plants
D:6:      black_bear_nest_1, layout_rooms, grunt_potential

Skill      XL: |  1  2  3  4  5 |
---------------+----------------+-----
Long Blades    | 3 4 5 |  5.9
Fighting       | 4 |  4.9
Armour         | |  1.7
Dodging        | |  0.8

Action                   |  1- 3 |  4- 6 || total
-------------------------+-------+-------++-------
Melee: Falchion          |   108 |   124 ||   232
       Kick              |    21 |    27 ||    48
Throw: Dart              |       |     4 ||     4
  Use: Potion            |       |     6 ||     6
 Stab: Paralysed         |       |     1 ||     1
Armor: Leather armour    |    46 |    74 ||   120
Dodge: Dodged            |    54 |   108 ||   162

Table legend: (Time is in decaauts)
 A = Elapsed time spent in this place.
 B = Non-inter-level travel time spent in this place.
 C = Inter-level travel time spent in this place.
 D = Time resting spent in this place.
 E = Time spent auto-exploring this place.
 F = Levels seen in this place.
 G = Mean time per level.
                   A        B        C        D        E       F      G
               +--------+--------+--------+--------+--------+-----+--------+
         Total |   3565 |   3491 |     74 |    215 |   2225 |   5 |  713.0 |
       Dungeon |   3565 |   3491 |     74 |    215 |   2225 |   5 |  713.0 |
               +--------+--------+--------+--------+--------+-----+--------+

Top non-repeatable levels by time:
     D:2: 1187 daAuts
     D:1: 910 daAuts
     D:3: 904 daAuts
     D:4: 491 daAuts
     D:6: 71 daAuts
